 Dungeon Crawl Stone Soup version 0.30-a0-341-g682706514a (webtiles) character file.

Game seed: 13598728370171489017

2531 koil the Ruffian (level 9, -8/74 HPs)
             Began as a Pale Draconian Transmuter on Nov 4, 2022.
             Was a Follower of Wu Jian.
             Mangled by an iguana (12 damage)
             ... on level 7 of the Dungeon.
             The game lasted 00:27:49 (7297 turns).

koil the Ruffian (Pale Draconian Transmuter)        Turns: 7297, Time: 00:27:50

Health: -8/74      AC:  7    Str: 18    XL:     9   Next: 30%
Magic:  14/16      EV: 13    Int: 13    God:    Wu Jian [*.....]
Gold:   112        SH:  0    Dex: 11    Spells: 4/17 levels left

rFire   + . .      SeeInvis .      - Unarmed
rCold   x . .      Faith    .    (no shield)
rNeg    . . .      Spirit   .    (body armour unavailable)
rPois   .          Reflect  .    (helmet currently unavailable)
rElec   .          Harm     .    (no cloak)
rCorr   +          Rampage  .    (no gloves)
Will    .....                    (boots currently unavailable)
Stlth   +.........               (no amulet)
HPRegen 0.32/turn                k - ring of resist corrosion
MPRegen 0.15/turn                x - ring of fire

@: appendages, wereblooded
A: talons 2, breathe steam, AC +7, unfitting armour, cold-blooded, steam
resistance, horns 1, stinger 1, dopey 1, strong 1
a: Breathe Steam, End Transformation, Renounce Religion


You were on level 7 of the Dungeon.
You worshipped Wu Jian.
Wu Jian was aware of your devotion.
You had temporarily grown beastly talons.
You visited 2 branches of the dungeon, and saw 8 of its levels.
You also visited: Sewer.

You collected 139 gold pieces.
You spent 27 gold pieces at shops.

Inventory:

Missiles
 c - 12 poisoned darts
 p - 5 throwing nets
Armour
 A - a +1 pair of gloves
Jewellery
 k - a ring of resist corrosion (left hand)
 x - a ring of fire (right hand)
Wands
 e - a wand of polymorph (6)
 o - a wand of roots (4)
 w - a wand of light (10)
Scrolls
 g - a scroll of fear
 h - a scroll of enchant weapon
 j - 4 scrolls of teleportation
 m - 2 scrolls of poison
Potions
 a - a potion of lignification
 d - 2 potions of curing
 f - 3 potions of heal wounds
 i - 3 potions of might
 l - 2 potions of resistance
 r - 4 potions of brilliance
 t - 3 potions of haste
 u - a potion of magic


   Skills:
 + Level 5.4 Fighting
 + Level 4.7 Dodging
 + Level 5.8 Unarmed Combat
 + Level 4.8 Spellcasting
 + Level 3.9 Hexes
 + Level 5.3 Transmutations
 + Level 3.7 Poison Magic


You had 4 spell levels left.
You knew the following spells:

 Your Spells              Type           Power      Damage    Failure   Level
a - Beastly Appendage     Tmut           34%        N/A       2%          1
b - Wereblood             Tmut           17%        N/A       3%          2
c - Spider Form           Tmut/Pois      14%        N/A       9%          3
d - Slow                  Hex            52%        N/A       3%          1
e - Confusing Touch       Hex            13%        N/A       12%         3
f - Ignite Poison         Fire/Tmut/Pois 16%        N/A       17%         3

Your spell library contained the following spells:

 Spells                   Type           Power      Damage    Failure   Level
 Kiss of Death            Conj/Necr      12%        2d6       19%         1
 Necrotise                Necr           12%        1d4       19%         1
 Static Discharge         Conj/Air       6%         2-3/arc   28%         2
 Vampiric Draining        Necr           3%         2d6       50%         3
 Vhi's Electric Charge    Tloc/Air       6%         N/A       50%         3
 Ice Form                 Ice/Tmut       10%        N/A       54%         4
 Sticky Flame             Conj/Fire      4%         2d3       88%         4
 Arcjolt                  Conj/Air       1%         1d11      99%         5
 Lightning Bolt           Conj/Air       1%         1d12      99%         5
 Ignition                 Fire           2%         3d3       100%        8


Dungeon Overview and Level Annotations

Branches:
Dungeon (7/15)             Temple (1/1) D:5           Sewer (visited)

Altars:
Ashenzari
Cheibriados
Hepliaklqana
Kikubaaqudgha
Makhleb
Nemelex Xobeh
Okawaru
Qazlal
Ru
Trog
Uskayaw
Wu Jian
Xom
Yredelemnul
Zin
The Shining One

Shops:
D:3 *   D:6 ?   D:7 =*


Innate Abilities, Weirdness & Mutations

You have temporarily grown beastly talons.
You can breathe blasts of scalding, opaque steam.
Your pale cyan-grey scales are hard. (AC +7)
You cannot fit into any form of body armour.
You are cold-blooded and may be slowed by cold attacks.
You are immune to the effects of steam.
You have a pair of small horns on your head.
Your tail ends in a venomous barb.
You are dopey. (Int -2)
Your muscles are strong. (Str +4, Int/Dex -1)


Message History

Your feet morph into talons.
Your primal bloodlust has ended.
The white imp gestures at you. The puff of frost hits you.
You feel a terrible chill!
Casting: Beastly Appendage (safe; 2% risk of failure)
Confirm with . or Enter, or press ? or * to list all spells.
Your blood is infused with primal strength.
The white imp gestures at you. The puff of frost hits you!
You feel a terrible chill!
You hit the iguana. Your kick misses the iguana.
You headbutt the iguana, but do no damage.
You tail-slap the iguana, but do no damage.
The iguana is lightly wounded.
You barely miss the iguana.
Your tail-slap misses the iguana.
The iguana is lightly wounded.
The white imp shouts, "Slither hence, thou bootless flat-headed scavenger!"
The iguana bites you.
You hit the iguana but do no damage.
Your tail-slap misses the iguana.
The iguana is lightly wounded.
The iguana bites you!
* * * LOW HITPOINT WARNING * * *
You hit the iguana. You claw the iguana.
The iguana is severely wounded.
The iguana bites you!
* * * LOW HITPOINT WARNING * * *
The white imp gestures at you. The puff of frost misses you.
You closely miss the iguana. You claw the iguana, but do no damage.
The iguana is severely wounded.
A gnoll sergeant comes into view.
It is wielding a +2 trident of freezing.
The white imp gestures at you. The puff of frost hits you!
You feel a terrible chill!
* * * LOW HITPOINT WARNING * * *
The iguana closely misses you.
You barely miss the iguana.
The gnoll sergeant shouts!
Your kick misses the iguana. You tail-slap the iguana.
The iguana is almost dead.
The iguana bites you!
You die...

##..!.. ##.......#.##
#.....###.........)#.
####.....†.........#..#.
#.......††.........#..##
#.~....))†###......).##.
.........#####..........
.......?.....##.......##
........)..∩.##.......##
.......@.....##.........
......l5.#####.........#
..........# #.....##....
.#..............#..##...
#......................
............... ...#....
.g....#............#####
....##......#.........##
.....^.....


You could see a gnoll sergeant, an iguana and a white imp.

Vanquished Creatures
  Sigmund (D:2)
  A steam dragon (D:7)
  A water moccasin (D:4)
  3 black bears
  3 sky beasts
  An orc warrior (D:6)
  2 ogres
  A phantom (D:5)
  A kobold brigand (D:6)
  A bullfrog (D:6)
  A scorpion (D:6)
  5 wights (D:6)
  3 howler monkeys (D:7)
  A hound (D:4)
  A jelly (D:5)
  5 orc priests
  Jessica (D:2)
  3 iguanas
  2 orc wizards
  8 gnolls
  5 river rats (Sewer)
  5 adders
  An ufetubus (D:4)
  2 worms (D:2)
  A dart slug (D:3)
  17 orcs
  8 ball pythons
  4 bats
  8 endoplasms
  2 giant cockroaches
  7 goblins
  6 hobgoblins
  3 jackals (D:4)
  6 quokkas
  8 frilled lizards
  21 kobolds
  29 rats
  A bush (D:6)
179 creatures vanquished.

Vanquished Creatures (others)
  An orc wizard (D:5)
  4 bushes (D:6)
  23 plants (D:6)
28 creatures vanquished.

Grand Total: 207 creatures vanquished

Notes
Turn   | Place    | Note
-------+----------+-------------------------------------------
     0 | D:1      | koil the Draconian Transmuter began the quest for the Orb.
     0 | D:1      | Reached XP level 1. HP: 16/16 MP: 3/3
   390 | D:1      | Reached XP level 2. HP: 23/23 MP: 5/5
  1199 | D:2      | Reached XP level 3. HP: 29/29 MP: 4/6
  1422 | D:2      | Reached XP level 4. HP: 29/36 MP: 5/7
  1425 | D:2      | Learned a level 2 spell: Wereblood
  1429 | D:2      | Learned a level 3 spell: Spider Form
  1431 | D:2      | Learned a level 1 spell: Slow
  1631 | D:2      | Noticed Sigmund
  1644 | D:2      | Killed Sigmund
  1645 | D:2      | Reached skill level 1 in Hexes
  1645 | D:2      | Reached XP level 5. HP: 8/44 MP: 5/9
  1821 | D:2      | Noticed Jessica
  1828 | D:2      | Killed Jessica
  1856 | D:2      | Got Jessica's Vellum of Black Mysteries
  2278 | D:3      | Reached XP level 6. HP: 49/50 MP: 10/10
  2369 | D:3      | Found a glowing drain.
  2378 | Sewer    | Entered a sewer
  2409 | Sewer    | Learned a level 3 spell: Confusing Touch
  3023 | D:3      | Found Reudydd's General Store.
  3089 | D:3      | Found a glowing golden altar of the Shining One.
  3554 | D:4      | Found an ornate altar of the Wu Jian Council.
  3563 | D:4      | Became a worshipper of the Wu Jian Council
  3881 | D:4      | Noticed a water moccasin
  3903 | D:4      | Gained mutation: Your spells are a little harder to cast,
                  | but a little more powerful. [potion of mutation]
  3903 | D:4      | Gained mutation: Your flesh is cold resistant. (rC+)
                  | [potion of mutation]
  3905 | D:4      | Killed a water moccasin
  3906 | D:4      | Reached skill level 1 in Poison Magic
  3906 | D:4      | Your scales start taking on a pale cyan-grey colour.
  3906 | D:4      | Reached XP level 7. HP: 20/57 MP: 9/12
  3906 | D:4      | Gained mutation: You are immune to the effects of steam.
                  | [Pale Draconian growth]
  4437 | D:5      | Entered Level 5 of the Dungeon
  4555 | D:5      | Found a stormy altar of Qazlal.
  4803 | D:5      | Found a staircase to the Ecumenical Temple.
  4967 | D:5      | Found a hide-covered altar of Uskayaw.
  4979 | D:5      | Lost mutation: Your flesh is cold resistant. (rC+) [potion
                  | of mutation]
  4979 | D:5      | Lost mutation: Your spells are a little harder to cast, but
                  | a little more powerful. [potion of mutation]
  4979 | D:5      | Gained mutation: You are dopey. (Int -2) [potion of
                  | mutation]
  4979 | D:5      | Gained mutation: You have a pair of small horns on your
                  | head. [potion of mutation]
  4979 | D:5      | Gained mutation: Your muscles are strong. (Str +4, Int/Dex
                  | -1) [potion of mutation]
  4979 | D:5      | Gained mutation: Your tail ends in a venomous barb. [potion
                  | of mutation]
  5048 | D:5      | Reached XP level 8. HP: 50/66 MP: 10/13
  5278 | Temple   | Entered the Ecumenical Temple
  5460 | D:6      | Found an iron altar of Okawaru.
  5486 | D:6      | Found Calezxey's Magic Scroll Shop.
  5640 | D:6      | Reached * piety under Wu Jian
  5649 | D:6      | Reached skill level 5 in Unarmed Combat
  5815 | D:6      | Learned a level 3 spell: Ignite Poison
  6291 | D:6      | Found a sparkling altar of Nemelex Xobeh.
  6668 | D:6      | Reached skill level 5 in Fighting
  6673 | D:6      | Reached skill level 5 in Transmutations
  6673 | D:6      | Reached XP level 9. HP: 26/74 MP: 15/15
  7157 | D:7      | Found Zyceg's Assorted Antiques.
  7178 | D:7      | Bought a scroll labelled FEACZO WIUDAIX for 27 gold pieces
  7285 | D:7      | Found Neif's Jewellery Emporium.
  7297 | D:7      | Mangled by an iguana

Illustrated notes

Levels and vault maps discovered:
D:1:      roderic_octagonal_star, layout_basic,
          nicolae_concentric_dashed_squares_wild
D:2:      layout_basic, kennysheep_jessica_study, uniq_sigmund
D:3:      layout_basic, nicolae_tso_swordbearing_angel, serial_shops,
          nicolae_shop_behind_doors, portal_sewer_entry_d,
          hangedman_abyss_or_decor_lesser_grid
D:4:      layout_basic, nzn_wu_jian_contemplation, kennysheep_flooded_box
D:5:      layout_rooms, mainiacjoe_overflow_small_starburst, lemuel_tele_altar,
          minmay_temple_entry_junction
D:6:      layout_basic, okawaru_gym_becter, mainiacjoe_overflow_catwalk,
          serial_shops, nicolae_shop_hallway_stairs, lexackson_kobold_supper
D:7:      layout_cave_pools, serial_gnoll_camp, gnoll_camp_mini_shop,
          gnoll_camp_huts_basic, gnoll_camp_mini_hut, gnoll_camp_mini_hut,
          gnoll_camp_mini_shop
Temple:   nicolae_temple_two_arcs

Skill      XL: |  1  2  3  4  5  6  7  8 |
---------------+-------------------------+-----
Dodging        | 2 3 4 |  4.7
Fighting       | 2 3 4 5 |  5.4
Spellcasting   | 3 4 |  4.8
Hexes          | 1 2 3 |  3.9
Transmutations | 3 4 5 |  5.3
Unarmed Combat | 4 5 |  5.8
Poison Magic   | 1 2 3 |  3.7

Action                   |  1- 3 |  4- 6 |  7- 9 || total
-------------------------+-------+-------+-------++-------
Melee: Unarmed           |   125 |   219 |   321 ||   665
       Tailslap          |    15 |    19 |    49 ||    83
       Punch             |     3 |     2 |     8 ||    13
       Kick              |     9 |    33 |    64 ||   106
       Headbutt          |     3 |    17 |    66 ||    86
 Cast: Beastly Appendage |     8 |    18 |    23 ||    49
       Wereblood         |       |     4 |    10 ||    14
       Confusing Touch   |       |     1 |       ||     1
Invok: Lunge             |       |     4 |    10 ||    14
  Use: Potion            |       |     5 |     2 ||     7
       Scroll            |       |       |    16 ||    16
 Stab: Sleeping          |       |     2 |       ||     2
Armor: Skin              |    35 |    78 |    94 ||   207
Dodge: Dodged            |    72 |   154 |   202 ||   428

Table legend: (Time is in decaauts)
 A = Elapsed time spent in this place.
 B = Non-inter-level travel time spent in this place.
 C = Inter-level travel time spent in this place.
 D = Time resting spent in this place.
 E = Time spent auto-exploring this place.
 F = Levels seen in this place.
 G = Mean time per level.
                   A        B        C        D        E       F      G
               +--------+--------+--------+--------+--------+-----+--------+
         Total |   7260 |   7016 |    244 |    495 |   5142 |   9 |  806.7 |
       Dungeon |   6602 |   6360 |    242 |    395 |   4885 |   7 |  943.1 |
        Temple |    156 |    154 |      2 |    100 |      0 |   1 |  156.0 |
         Sewer |    500 |    500 |      0 |      0 |    257 |   1 |  500.0 |
               +--------+--------+--------+--------+--------+-----+--------+

Top non-repeatable levels by time:
     D:6: 1570 daAuts
     D:2: 1355 daAuts
     D:4: 882 daAuts
     D:5: 860 daAuts
     D:1: 845 daAuts
     D:3: 843 daAuts
   Sewer: 500 daAuts
     D:7: 245 daAuts
  Temple: 156 daAuts
